[ AOE2 MATCH · #504952967 ]
UnrankedLithuanians vs Mapuche
Player's team · LOSS
Rival team · WIN
[ REPLAY ANALYSIS · EXTRACTED FROM THE RECORDED GAME ]
Feudal
—
Castle
—
Imperial
—
| APM avg | 58.8 |
| APM peak | 73 |
| eAPM avg | 22.2 |
| Villagers / military | 27 / 6 |
Focus
⚔️ 31.8% · 🌾 68.2%
Militia ×6
Feudal
—
Castle
—
Imperial
—
| APM avg | 55.4 |
| APM peak | 81 |
| eAPM avg | 18.3 |
| Villagers / military | 23 / 0 |
Focus
⚔️ 34.4% · 🌾 65.6%
Match map
Initial resources + every placement click. Lines = walls · curves = elevation contours. ◆ gold · ⬟ stone · ● berries · ✦ relic · ◌ wall gap
Your base
f2a's base
Smoothed initial terrain · ◌ = detected wall gap · hover for details
Inputs per minute
— Lespaul - - f2a
Build order — Lespaul
42 actions detected in the replay
| 0:00 | Queue | Villager (Male) |
| 0:01 | Build | House |
| 0:02 | Build | House |
| 0:05 | Queue | Villager (Male) |
| 0:05 | Queue | Villager (Male) |
| 0:14 | Queue | Villager (Male) |
| 0:14 | Queue | Villager (Male) |
| 0:14 | Queue | Villager (Male) |
| 0:14 | Queue | Villager (Male) |
| 1:21 | Build | Lumber Camp |
| 1:28 | Queue | Villager (Male) |
| 2:53 | Queue | Villager (Male) |
| 2:53 | Queue | Villager (Male) |
| 2:53 | Queue | Villager (Male) |
| 2:53 | Queue | Villager (Male) |
| 3:03 | Queue | Villager (Male) |
| 3:03 | Queue | Villager (Male) |
| 3:17 | Build | House |
| 3:45 | Queue | Villager (Male) |
| 3:45 | Queue | Villager (Male) |
| 4:13 | Queue | Villager (Male) |
| 4:13 | Queue | Villager (Male) |
| 4:33 | Build | Barracks |
| 4:40 | Queue | Villager (Male) |
| 4:44 | Queue | Villager (Male) |
| 4:44 | Queue | Villager (Male) |
| 4:44 | Queue | Villager (Male) |
| 5:07 | Build | House |
| 5:32 | Queue | Militia |
| 5:32 | Queue | Militia |
| 5:50 | Queue | Militia |
| 5:57 | Build | House |
| 5:59 | Queue | Militia |
| 6:05 | Queue | Villager (Male) |
| 6:06 | Queue | Villager (Male) |
| 6:16 | Queue | Militia |
| 6:24 | Build | House |
| 6:31 | Queue | Villager (Male) |
| 6:33 | Queue | Militia |
| 6:56 | Queue | Villager (Male) |
| 7:17 | Queue | Villager (Male) |
| 7:24 | Build | House |
Build order — f2a
32 actions detected in the replay
| 0:00 | Queue | Villager (Male) |
| 0:01 | Queue | Villager (Male) |
| 0:02 | Build | House |
| 0:03 | Build | House |
| 0:21 | Queue | Villager (Male) |
| 0:21 | Queue | Villager (Male) |
| 1:25 | Queue | Villager (Male) |
| 1:53 | Queue | Villager (Male) |
| 2:15 | Build | Settlement |
| 2:25 | Queue | Villager (Male) |
| 2:26 | Queue | Villager (Male) |
| 2:46 | Queue | Villager (Male) |
| 3:27 | Queue | Villager (Male) |
| 3:27 | Queue | Villager (Male) |
| 4:29 | Queue | Villager (Male) |
| 4:30 | Queue | Villager (Male) |
| 4:37 | Queue | Villager (Male) |
| 4:37 | Queue | Villager (Male) |
| 5:15 | Build | Settlement |
| 5:40 | Queue | Villager (Male) |
| 5:40 | Queue | Villager (Male) |
| 5:55 | Research | Loom |
| 6:09 | Queue | Villager (Male) |
| 6:09 | Queue | Villager (Male) |
| 6:10 | Queue | Villager (Male) |
| 6:51 | Queue | Villager (Male) |
| 6:51 | Queue | Villager (Male) |
| 7:10 | Build | Palisade Wall |
| 7:16 | Build | Palisade Wall |
| 7:19 | Build | Palisade Wall |
| 7:20 | Build | Palisade Wall |
| 7:37 | Queue | Villager (Male) |
Match timeline
| 4:33 | Lespaul · first_building Barracks |
| 7:10 | f2a · wall_segment Palisade Wall x1 |
| 7:16 | f2a · wall_segment Palisade Wall x1 |
| 7:19 | f2a · wall_segment Palisade Wall x1 |
| 7:20 | f2a · wall_segment Palisade Wall x1 |
| 7:55 | Lespaul · resign |
[ AI ANALYSIS · 1 CREDIT ]
What really happened in this match?
Wolo.gg analyzes every decision: build order, eco, micro, common mistakes by bracket. Personalized analysis on WhatsApp or Discord in 30 seconds.
Civ guide
Lithuanians
Perfil
Jugador #323632